Map: Orbital Shipyard

Players

FloN

  • Race: Zerg Zerg
  • League: Platinum

PiLloWLavA - Winner!

  • Race: Protoss Protoss
  • League: Gold

VOD

Have the link to the VOD?

Description

Time

  • Played on: Jan. 5, 2016, 7:45 a.m.
  • Length: 13:07
Show
View Real Time Build Order
Export as new Build Order

FloN Zerg 

Build Orders: Hatch First, Lurkers 

Get SALT Encoding   

  12  0:03  Drone  
  13  0:13  Overlord  
  13  0:17  Drone  
  14  0:38  Drone  
  14  0:39  Drone x2  
  17  0:55  Hatchery  
  16  0:57  Drone  
  17  1:04  Drone, Extractor  
  17  1:17  Spawning Pool  
  16  1:21  Drone  
  17  1:29  Overlord  
  17  2:03  Queen  
  17  2:05  Zergling x4  
  17  2:07  Queen  
  23  2:11  Metabolic Boost  
  24  2:15  Drone  
  24  2:23  Drone  
  24  2:24  Drone  
  24  2:27  Drone  
  24  2:29  Drone  
  28  2:33  Drone  
  29  2:38  Drone  
  29  2:43  Queen  
  32  2:48  Overlord  
  32  2:54  Drone  
  33  3:01  Drone  
  33  3:02  Drone x2  
  36  3:12  Overlord  
  36  3:16  Drone  
  36  3:17  Drone x2  
  39  3:25  Drone  
  40  3:29  Hatchery  
  39  3:36  Drone x2  
  39  3:38  Extractor  
  40  3:41  Extractor  
  40  3:43  Drone x3  
  40  3:44  Drone  
  43  3:52  Drone x3  
  43  3:53  Drone  
  47  3:57  Roach Warren  
  46  4:03  Drone  
  46  4:04  Drone x3  
  46  4:08  Lair  
  50  4:25  Overlord  
  50  4:30  Overlord  
  50  4:38  Evolution Chamber  
  50  4:45  Queen  
  51  4:47  Roach x3  
  51  4:49  Evolution Chamber  
  51  4:50  Roach  
  51  4:51  Roach x2  
  62  4:58  Drone x2  
  64  5:06  Zerg Missile Weapons Level 1  
  64  5:08  Overlord  
  64  5:11  Roach  
  66  5:14  Glial Reconstitution  
  66  5:16  Zerg Ground Armor Level 1  
  66  5:18  Overlord  
  66  5:29  Ravager  
  66  5:33  Drone x3  
  66  5:34  Roach x2  
  74  5:36  Overlord  
  74  5:40  Extractor  
  73  5:45  Hydralisk Den  
  73  5:46  Overlord  
  73  5:47  Overlord x2  
  73  5:48  Drone x3  
  75  5:50  Drone x2  
  75  5:51  Drone x3  
  80  6:02  Drone  
  80  6:03  Drone  
  82  6:06  Roach x3  
  82  6:07  Roach  
  82  6:09  Ravager  
  91  6:12  Drone x3  
  91  6:16  Overseer  
  91  6:18  Overseer  
  94  6:21  Overseer  
  94  6:27  Drone x2  
  94  6:29  Drone x2, Extractor  
  94  6:30  Drone x4  
  94  6:32  Extractor  
  100  6:33  Lurker Den  
  100  6:37  Overlord x2  
  100  6:38  Overlord  
  100  6:49  Roach x3  
  100  6:50  Roach  
  100  6:51  Roach x3  
  114  7:00  Hydralisk x2  
  118  7:03  Hydralisk  
  120  7:11  Overlord x2  
  120  7:13  Zerg Missile Weapons Level 2  
  120  7:15  Drone x3  
  123  7:31  Hatchery, Hydralisk x2  
  123  7:32  Hydralisk x2  
  123  7:33  Hydralisk x2  
  123  7:34  Zergling x4  
  123  7:36  Drone x2  
  123  7:37  Drone  
  139  7:38  Drone x2  
  139  7:40  Overlord  
  139  7:42  Overseer  
  141  7:44  Overlord x2  
  141  7:53  Overlord  
  141  7:55  Zerg Ground Armor Level 2  
  141  8:00  Infestation Pit  
  140  8:15  Lurker  
  140  8:16  Lurker x2  
  143  8:25  Overlord x3  
  143  8:30  Hatchery  
  142  8:36  Hydralisk x2  
  142  8:37  Hydralisk x4  
  142  8:40  Overlord x2  
  154  8:42  Drone x2  
  148  8:58  Muscular Augments  
  148  9:02  Ravager x4  
  152  9:10  Roach x3  
  152  9:11  Roach x4  
  129  9:27  Roach x4  
  129  9:28  Roach  
  129  9:29  Roach x6  
  129  9:30  Roach, Zergling x4  
  146  9:53  Lurker x2  
  146  9:54  Lurker  
  149  10:21  Hive, Hydralisk x3  
  149  10:22  Hydralisk x3  
  149  10:23  Hydralisk  
  149  10:24  Zergling x4  
  149  10:25  Overlord x3  
  165  10:29  Queen  
  114  10:58  Roach  
  114  10:59  Roach x8  
  114  11:18  Roach x5  
  110  11:19  Roach  
  110  11:22  Ravager  
  110  11:23  Ravager x5  
  116  11:29  Hatchery  
  115  11:33  Roach x2  
  115  11:34  Roach x2  
  115  11:36  Queen  
  115  11:37  Roach x3  
  135  11:40  Roach x3  
  137  11:57  Roach x4  
  130  12:03  Roach x4  
  130  12:04  Roach  
  130  12:05  Roach  
  98  12:16  Roach x3  
  98  12:18  Roach  
  95  12:25  Roach x2  
  95  12:26  Roach x2  
  95  12:30  Roach  
  90  12:40  Roach x2  
  90  12:48  Roach  
Show
View Real Time Build Order
Export as new Build Order

PiLloWLavA Protoss - Winner!

Build Orders: 1 Gate Expand 

Get SALT Encoding   

  12  0:01  Probe (Chrono Boost)  
  13  0:11  Probe (Chrono Boost)  
  14  0:19  Pylon  
  14  0:23  Probe (Chrono Boost)  
  15  0:37  Probe (Chrono Boost)  
  15  0:41  Gateway  
  16  0:46  Assimilator  
  16  0:48  Probe (Chrono Boost)  
  17  0:58  Probe (Chrono Boost)  
  18  1:09  Probe (Chrono Boost)  
  19  1:18  Nexus  
  19  1:21  Probe (Chrono Boost)  
  20  1:31  Cybernetics Core  
  21  1:33  Probe (Chrono Boost)  
  21  1:45  Pylon  
  21  1:48  Assimilator  
  21  1:51  Probe (Chrono Boost), Assimilator  
  22  2:03  Probe (Chrono Boost)  
  22  2:07  Zealot  
  25  2:16  Probe (Chrono Boost)  
  26  2:24  Gateway  
  26  2:26  Warp Gate (Chrono Boost)  
  26  2:29  Probe  
  26  2:30  Probe  
  28  2:39  Probe  
  29  2:49  Mothership Core, Gateway  
  29  2:50  Probe  
  31  2:53  Stalker  
  34  3:00  Probe  
  35  3:06  Pylon  
  35  3:10  Probe  
  35  3:11  Probe  
  37  3:21  Probe  
  37  3:22  Probe  
  39  3:32  Probe  
  40  3:34  Probe  
  40  3:41  Robotics Facility  
  41  3:42  Probe, Forge  
  41  3:43  Pylon  
  41  3:46  Probe  
  43  3:50  Assimilator  
  43  3:53  Probe  
  43  3:55  Assimilator  
  44  4:06  Probe  
  44  4:07  Probe  
  46  4:10  Protoss Ground Weapons Level 1  
  46  4:16  Probe  
  46  4:19  Probe  
  48  4:28  Observer  
  49  4:32  Probe  
  49  4:33  Probe  
  49  4:34  Robotics Bay  
  51  4:43  Zealot x2  
  51  4:44  Zealot  
  57  4:47  Nexus  
  57  4:53  Pylon  
  57  4:54  Pylon  
  57  4:57  Pylon  
  57  5:04  Pylon  
  57  5:09  Immortal (Chrono Boost)  
  61  5:16  Stalker x3  
  67  5:28  Twilight Council  
  67  5:30  Forge  
  67  5:32  Pylon  
  67  5:45  Disruptor (Chrono Boost)  
  70  5:57  Protoss Ground Armor Level 1  
  70  6:00  Gateway  
  70  6:01  Probe  
  70  6:02  Probe  
  70  6:03  Probe  
  70  6:04  Gateway  
  73  6:07  Gateway  
  73  6:10  Protoss Ground Weapons Level 2  
  73  6:13  Assimilator  
  73  6:14  Probe  
  73  6:16  Disruptor (Chrono Boost)  
  73  6:18  Assimilator  
  77  6:27  Stalker  
  77  6:28  Stalker x2  
  83  6:35  Probe x2  
  83  6:36  Probe  
  86  6:45  Probe  
  90  6:47  Disruptor (Chrono Boost)  
  90  6:48  Probe x2  
  92  7:07  Robotics Facility  
  92  7:09  Blink  
  92  7:11  Stalker x2  
  92  7:12  Stalker x4  
  104  7:15  Probe  
  104  7:16  Probe  
  104  7:17  Probe  
  107  7:28  Probe, Pylon  
  108  7:33  Dark Shrine  
  108  7:49  Disruptor (Chrono Boost)  
  111  7:52  Stalker x2  
  111  7:53  Stalker x4  
  123  8:13  Nexus  
  123  8:16  Assimilator  
  123  8:19  Assimilator  
  123  8:22  Pylon  
  123  8:24  Pylon  
  123  8:26  Pylon  
  123  8:29  Probe x2  
  125  8:38  Probe  
  126  8:41  Probe  
  126  8:42  Probe  
  128  8:49  Probe  
  128  8:53  Probe  
  128  8:54  Probe  
  131  9:02  Stalker  
  131  9:03  Stalker x2  
  131  9:04  Stalker x3  
  134  9:31  Stalker  
  134  9:32  Stalker x5  
  144  10:09  Stalker x5  
  144  10:10  Stalker  
  156  10:29  Gateway  
  156  10:32  Gateway  
  156  10:34  Gateway  
  144  10:35  Gateway  
  131  11:02  Stalker x6  
  129  11:25  Observer (Chrono Boost)  
  129  11:36  Stalker x3  
  129  11:37  Stalker x3  
  141  11:44  Observer (Chrono Boost)  
  132  12:03  Observer (Chrono Boost)  
  105  12:19  Stalker x4  
  105  12:20  Stalker x3  
  86  13:00  Dark Templar x5  
  86  13:01  Dark Templar  
  86  13:02  Dark Templar x4  
Tags
 
Add a new tag
Caveats
  • Supply blocks, unpowered buildings, or Contaminate may cause inaccurate times.
  • Supply counts are checked every 10 seconds.